 Dungeon Crawl Stone Soup version 0.30-a0-1124-g6e8f0f562f (webtiles) character file.

Game seed: 9600359478350431130

21 kuroshi the Magician (level 3, -7/25 HPs)
             Began as a Djinni Air Elementalist on Apr 23, 2023.
             Was a Follower of Nemelex Xobeh.
             Mangled by a +2 dire flail of freezing (12 damage)
             ... created by the rancor of the Wu Jian Council
             ... on level 2 of the Dungeon.
             The game lasted 00:05:22 (378 turns).

kuroshi the Magician (Djinni Air Elementalist)       Turns: 378, Time: 00:05:22

Health: -7/25      AC: -6    Str:  7    XL:     3   Next: 2%
Gold:   58         EV: 12    Int: 18    God:    Nemelex Xobeh [*.....] SH:  0 Dex: 13

rFire   + + .        (no weapon)
rCold   x . .        (no shield)
rNeg    . . .        a - +0 robe
rPois   ∞            (no helmet)
rElec   .            (no cloak)
rCorr   .            (no gloves)
SInv    .            (boots unavailable)
Will    .....        (no amulet)
Stlth   ++           (no ring)
HPRegen 0.24/turn    (no ring)
MPRegen 0.00/turn

%: infuse magic (-8 HP)
@: corroded, flying
A: sickness immunity, fire resistance 2, cold vulnerability 1, float, innate
caster, HP casting, extra vitality 1
a: Renounce Religion, Draw Escape, Draw Destruction, Draw Summoning


You were on level 2 of the Dungeon.
You worshipped Nemelex Xobeh.
Nemelex Xobeh was aware of your devotion.
You visited 1 branch of the dungeon, and saw 2 of its levels.

You collected 58 gold pieces.

Inventory:

Armour
 a - a +0 robe (worn)
Scrolls
 b - a scroll of poison {unknown}
 c - 2 scrolls of amnesia {unknown}
 d - a scroll of identify {unknown}
 e - a scroll of brand weapon {unknown}


   Skills:
 + Level 2.4 Dodging
 + Level 1.9 Stealth
 + Level 2.9 Spellcasting


You knew the following spells:

 Your Spells              Type           Power      Damage    Failure   Level
a - Shock                 Conj/Air       52%        1d6       4%          1
b - Static Discharge      Conj/Air       26%        2-4/arc   8%          2
c - Swiftness             Air            13%        N/A       14%         3
d - Airstrike             Air            6%         2d(1-17)  43%         4
e - Summon Small Mammal   Summ           52%        N/A       4%          1
Your spell library was empty.

Dungeon Overview and Level Annotations

Branches:
Dungeon (2/15)

Altars:
Nemelex Xobeh
Wu Jian


Innate Abilities, Weirdness & Mutations

You are immune to sickness and miasma.
You are immune to poison.
Your flesh is very heat resistant. (rF++)
You are vulnerable to cold. (rC-)
You float through the air rather than walking.
You learn spells naturally, not from books.
Your magical power is your life essence.
You have superior vitality. (+4 MHP)


Message History

The zap misses the adder.
The adder barely misses you.
The zap hits the adder.
The adder is severely wounded.
The adder barely misses you.
You miscast Shock.
You are very lightly contaminated with residual magic.
Nothing appears to happen.
The adder bites you.
You are too injured to fight recklessly!
You are too injured to fight recklessly!
You miss the adder.
The adder is severely wounded.
The adder barely misses you. The adder bites you but does no damage.
You are too injured to fight recklessly!
You draw a card...
You have drawn the Orb.
Press: ? - help, Shift-Dir - straight line, f/p - adder
Aim: an adder (severely wounded)
The wavering orb of destruction weakly hits the adder!
You blow up the adder!
Sifu Xiang Ba says: Suffer, mortal!
The rancor of the Wu Jian Council corrodes you!
You have reached level 3!
Your experience leads to an increase in your attributes!
Increase (S)trength, (I)ntelligence, or (D)exterity?
You feel clever. x2
The power to cast Summon Small Mammal wells up from within.
Spell assigned to 'e'.
A +3 rapier of electrocution, a +2 dire flail of freezing, a +0 glaive of electrocution and a +0 broad axe of speed come into view.
You are too injured to fight recklessly!
The +3 rapier of electrocution misses you.
The +2 dire flail of freezing hits you.
* * * LOW HITPOINT WARNING * * *
The +2 dire flail of freezing freezes you.
* * * LOW HITPOINT WARNING * * *
Your magical contamination has completely faded away.
You hit the +2 dire flail of freezing but do no damage.
The +3 rapier of electrocution misses you.
The +2 dire flail of freezing hits you!
You die...
Your body disappears without a glow.

#....###########
#..#...........#
#....#########.# #.####
#.# #.# #.# #####.# #.#
.....# #.#
#######(.#### #.#
#.....@(.((.#########.#
#.#####..##........##.#
#..###.......##.# #..#
#..†.....#.# ...#
#.......#..# ##.##
#........### #.#
#.......## #.#
#.......# #. ####.#.##


You could see 4 dancing weapons.

Vanquished Creatures
  An adder (D:2)
  2 endoplasms (D:1)
  A goblin (D:1)
  A hobgoblin (D:2)
  A quokka (D:1)
  4 bats
  A kobold (D:2)
  A rat (D:1)
12 creatures vanquished.

Notes
Turn   | Place    | Note
-------+----------+-------------------------------------------
     0 | D:1      | kuroshi the Djinni Air Elementalist began the quest for the
                  | Orb.
     0 | D:1      | kuroshi set off with the following spells memorised: Shock,
                  | Static Discharge, Swiftness, Airstrike.
     0 | D:1      | Reached XP level 1. HP: 15/15 MP: 0/0
    96 | D:1      | Reached XP level 2. HP: 16/21 MP: 0/0
   150 | D:1      | Found a faded altar of an unknown god.
   159 | D:1      | Prayed at the altar of an unknown god.
   159 | D:1      | Became a worshipper of the Wu Jian Council
   159 | D:1      | Reached * piety under Wu Jian
   159 | D:1      | Prayed at the altar of an unknown god.
   159 | D:1      | Fell from the grace of Wu Jian
   159 | D:1      | Became a worshipper of Nemelex Xobeh the Trickster
   159 | D:1      | Reached * piety under Nemelex Xobeh
   317 | D:2      | Received a gift from Nemelex Xobeh
   374 | D:2      | Reached XP level 3. HP: 12/25 MP: 0/0
   374 | D:2      | Learned a level 1 spell: Summon Small Mammal
   374 | D:2      | Noticed a +3 rapier of electrocution
   374 | D:2      | Noticed a +2 dire flail of freezing
   374 | D:2      | Noticed a +0 glaive of electrocution
   374 | D:2      | Noticed a +0 broad axe of speed
   378 | D:2      | Mangled by a +2 dire flail of freezing

Illustrated notes

Levels and vault maps discovered:
D:1:      dpeg_chamrin_arrival_tetris, layout_basic,
          shapermc_ecumenical_altar_venn, minmay_tetromino_o4
D:2:      layout_loops_ring

Action                     || total
---------------------------++-------
  Melee: Unarmed           ||     3
   Cast: Shock             ||    29
 Invoke: Draw Destruction  ||     1
 Armour: Robe              ||     2
  Dodge: Dodged            ||    16

Table legend: (Time is in decaauts)
 A = Elapsed time spent in this place.
 B = Non-inter-level travel time spent in this place.
 C = Inter-level travel time spent in this place.
 D = Time resting spent in this place.
 E = Time spent auto-exploring this place.
 F = Levels seen in this place.
 G = Mean time per level.
                   A        B        C        D        E       F      G
               +--------+--------+--------+--------+--------+-----+--------+
         Total |    377 |     93 |    284 |      0 |      0 |   2 |  188.5 |
       Dungeon |    377 |     93 |    284 |      0 |      0 |   2 |  188.5 |
               +--------+--------+--------+--------+--------+-----+--------+

Top non-repeatable levels by time:
     D:1: 198 daAuts
     D:2: 179 daAuts
